 Seeded DCSS version 0.31-a0-210-gccc998df9b (webtiles) character file.

Game seed: 17845999815334807412 (custom seed)

120 rabbitsville the Trooper (level 5, -1/72 HPs)
             Began as a Hill Orc Fighter on June 30, 2023.
             Slain by a howler monkey (4 damage)
             ... on level 5 of the Dungeon.
             The game lasted 00:05:21 (2030 turns).

rabbitsville the Trooper (Hill Orc Fighter)         Turns: 2030, Time: 00:05:21

Health: -1/72      AC: 18    Str: 21    XL:     5   Next: 4%
Magic:  5/5        EV:  2    Int:  8    God:
Gold:   111        SH:  4    Dex: 10    Spells: 4/4 levels left

rFire   . . .        a - +0 flail
rCold   + . .        c - +0 buckler
rNeg    . . .        b - melded +0 scale mail
rPois   +            j - melded +1 helmet
rElec   .            (cloak currently unavailable)
rCorr   .            (gloves currently unavailable)
SInv    +            (boots currently unavailable)
Will    .....        (no amulet)
Stlth   +            g - ring of protection from cold
HPRegen 0.32/turn    o - ring of see invisible
MPRegen 0.09/turn

%: no passive effects
@: mighty, tree-form, corroded, invisible
A: stationary, stasis, torment immunity, boosted hp
a: no special abilities


You were on level 5 of the Dungeon.
You were a tree.
You visited 1 branch of the dungeon, and saw 5 of its levels.

You collected 111 gold pieces.

Inventory:

Hand Weapons
 a - a +0 flail (weapon)
Armour
 b - a +0 scale mail (melded)
 c - a +0 buckler (worn)
 j - a +1 helmet (melded)
Jewellery
 g - a ring of protection from cold (left branch)
 k - a ring of fire
 o - a ring of see invisible (right branch)
Potions
 m - a potion of lignification
 p - a potion of haste {unknown}
 q - a potion of ambrosia {unknown}


   Skills:
 * Level 5.1 Fighting
 * Level 3.8 Maces & Flails
 - Level 3.2 Armour
 + Level 4.0 Shields


You had 4 spell levels left.
You didn't know any spells.
Your spell library contained the following spells:

 Spells                   Type           Power      Damage    Failure   Level
 Static Discharge         Conj/Air       0%         2-2/arc   63%         2
 Airstrike                Air            0%         2d(0-16)  99%         4
 Summon Lightning Spire   Summ/Air       0%         N/A       99%         4


Dungeon Overview and Level Annotations

Branches:
Dungeon (6/15)
 Temple: D:4-7

Altars:

Annotations:
D:6 Eustachio


Message History

The jelly hits you but does no damage. The orc hits you but does no damage.
The scorpion stings you but does no damage.
It was a potion of invisibility.
You fade into invisibility!
The scorpion barely misses you. You block the water moccasin's attack.
The howler monkey hits you but does no damage.
You block the scorpion's attack.
The water moccasin bites you but does no damage.
The jelly hits you but does no damage. You block the scorpion's attack.
The howler monkey hits you but does no damage.
Okay, then.
The water moccasin bites you but does no damage.
The scorpion stings you.
* * * LOW HITPOINT WARNING * * *
The scorpion barely misses you.
The howler monkey hits you but does no damage.
The orc hits you from afar with a +0 trident.
* * * LOW HITPOINT WARNING * * *
The jelly hits you but does no damage.
You sock the jelly!
Your branches burn!
* * * LOW HITPOINT WARNING * * *
The jelly is severely wounded.
The water moccasin bites you.
* * * LOW HITPOINT WARNING * * *
The scorpion stings you but does no damage.
You block the scorpion's attack.
The howler monkey hits you but does no damage.
The jelly barely misses you. The water moccasin bites you.
* * * LOW HITPOINT WARNING * * *
You sock the jelly!
You kill the jelly!
You block the scorpion's attack.
The scorpion stings you but does no damage.
The howler monkey hits you.
* * * LOW HITPOINT WARNING * * *
The water moccasin barely misses you. The orc hits you but does no damage.
The scorpion barely misses you.
The scorpion stings you but does no damage.
The howler monkey hits you.
You die...

### ##.## #
#...## #.
###.ss.# ...
#..oS♣.#####
....##..oh#o....#
........oo.Y....#
...............##
....#.#.......##
. . # #>.....##
#...........##
##.##..##..##
.... #..#


You could see a water moccasin (unable to see you), an ice beast (unable to see
you), 2 scorpions, a howler monkey (unable to see you), an orc wizard (unable to
see you) and 4 orcs.

Vanquished Creatures
  A jelly (D:5)
  A sleepcap (D:6)
  Jessica (D:2)
  2 adders
  2 dart slugs
  6 bats
  2 endoplasms
  4 giant cockroaches (D:1)
  2 goblins (D:1)
  2 hobgoblins (D:1)
  9 jackals (D:1)
  A ball python (D:1)
  4 frilled lizards
  5 kobolds
  2 rats (D:1)
44 creatures vanquished.

Notes
Turn   | Place    | Note
-------+----------+-------------------------------------------
     0 | D:1      | rabbitsville the Hill Orc Fighter began the quest for the
                  | Orb.
     0 | D:1      | Reached XP level 1. HP: 19/19 MP: 1/1
   104 | D:1      | Reached XP level 2. HP: 27/27 MP: 2/2
   128 | D:1      | Reached skill level 4 in Fighting
   432 | D:1      | Reached XP level 3. HP: 33/33 MP: 3/3
  1194 | D:2      | Noticed Jessica
  1200 | D:2      | Killed Jessica
  1201 | D:2      | Reached XP level 4. HP: 41/41 MP: 4/4
  1918 | D:3      | You fall into a shaft and drop 3 floors!
  1930 | D:6      | Reached skill level 5 in Fighting
  1942 | D:6      | Noticed Eustachio
  1992 | D:5      | Entered Level 5 of the Dungeon
  2012 | D:5      | Noticed a water moccasin
  2017 | D:5      | Noticed a scorpion
  2019 | D:5      | Reached XP level 5. HP: 31/48 MP: 5/5
  2023 | D:5      | Noticed an ice beast
  2030 | D:5      | HP: 3/72 [howler monkey (4)]
  2030 | D:5      | Slain by a howler monkey

Illustrated notes

Levels and vault maps discovered:
D:1:      lemuel_arrival_lava_pool, layout_basic
D:2:      layout_loops_corners, hangedman_glass_teeth, uniq_jessica
D:3:      layout_rooms
D:5:      layout_cave_pools, nicolae_overflow_hallway_of_the_gods, fountainhead
D:6:      layout_gridville, minmay_shop_mayhem, uniq_eustachio, uniq_menkaure,
          uniq_maggie

Skill      XL: |  1  2  3  4 |
---------------+-------------+-----
Fighting       | 4 5 |  5.1
Maces & Flails | 3 |  3.8
Shields        | 4 |  4.0
Armour         | |  3.2

Action                     |  1- 3 |  4- 6 || total
---------------------------+-------+-------++-------
  Melee: Flail             |   116 |    62 ||   178
  Throw: Throwing net      |       |     1 ||     1
    Use: Scroll            |       |     3 ||     3
         Potion            |       |     5 ||     5
 Armour: Scale mail        |    64 |    69 ||   133
         Skin              |       |    35 ||    35
  Dodge: Dodged            |    52 |    76 ||   128
  Block: Buckler           |    34 |    35 ||    69

Table legend: (Time is in decaauts)
 A = Elapsed time spent in this place.
 B = Non-inter-level travel time spent in this place.
 C = Inter-level travel time spent in this place.
 D = Time resting spent in this place.
 E = Time spent auto-exploring this place.
 F = Levels seen in this place.
 G = Mean time per level.
                   A        B        C        D        E       F      G
               +--------+--------+--------+--------+--------+-----+--------+
         Total |   2078 |   2007 |     71 |     16 |   1449 |   5 |  415.6 |
       Dungeon |   2078 |   2007 |     71 |     16 |   1449 |   5 |  415.6 |
               +--------+--------+--------+--------+--------+-----+--------+

Top non-repeatable levels by time:
     D:1: 981 daAuts
     D:2: 828 daAuts
     D:3: 148 daAuts
     D:6: 81 daAuts
     D:5: 38 daAuts
